 Dungeon Crawl Stone Soup version 0.29-a0-275-g389c0b56f3 (webtiles) character file.

Game seed: 17489379200574022823

892 kae the Ruffian (level 7, -6/57 HPs)
             Began as a White Draconian Transmuter on Mar 10, 2022.
             Was a Believer of Ru.
             Mangled by an ice beast (10 damage)
             ... on level 6 of the Dungeon.
             The game lasted 00:03:32 (5030 turns).

kae the Ruffian (White Draconian Transmuter)        Turns: 5030, Time: 00:03:32

Health: -6/57      AC:  2    Str: 13    XL:     7   Next: 78%
Magic:  10/12      EV: 20    Int: 15    God:    Ru [**....]
Gold:   253        SH:  0    Dex: 16    Spells: 4/12 levels left

rFire   . . .      SeeInvis .     - Unarmed
rCold   . . .      Faith    .   (shield currently unavailable)
rNeg    . . .      Spirit   .   (body armour unavailable)
rPois   x          Reflect  .   (helmet currently unavailable)
rElec   .          Harm     .   (cloak currently unavailable)
rCorr   .          Rampage  .   (gloves currently unavailable)
Will    .....                   (boots currently unavailable)
Stlth   +.........              e - amulet of regeneration
HPRegen 0.99/turn               (no ring)
MPRegen 0.13/turn               (no ring)

@: spider-form
A: venomous fangs, (breathe frost), AC +6, tiny, unfitting armour, (cold
resistance 1), (cold-blooded), hated by all
a: End Transformation, Renounce Religion


You were on level 6 of the Dungeon.
You worshipped Ru.
Ru was pleased with you.
You were a venomous arachnid creature.
You visited 1 branch of the dungeon, and saw 6 of its levels.

You collected 253 gold pieces.

Inventory:

Jewellery
 e - an amulet of regeneration (around neck)
 j - a ring of protection from fire
 m - a +6 ring of intelligence
 n - a ring of see invisible
Wands
 k - a wand of flame (22)
Scrolls
 b - 2 scrolls of fear
 c - 2 scrolls of enchant armour
 f - 7 scrolls of identify
 h - 3 scrolls of teleportation
 o - a scroll of blinking
Potions
 a - 3 potions of lignification
 d - 4 potions of curing
 g - 2 potions of mutation
 i - a potion of haste
 l - 2 potions of degeneration {unknown}
 p - a potion of ambrosia {unknown}


   Skills:
 + Level 3.2 Fighting
 + Level 3.2 Dodging
 * Level 5.0 Unarmed Combat
 + Level 3.3 Spellcasting
 * Level 4.7 Transmutations
 * Level 3.4 Ice Magic
 - Level 2.0 Poison Magic


You had 4 spell levels left.
You knew the following spells:

 Your Spells              Type           Power      Damage    Failure   Level
a - Beastly Appendage     Tmut           32%        N/A       10%         1
b - Spider Form           Tmut/Pois      12%        N/A       32%         3
c - Ice Form              Ice/Tmut       14%        N/A       56%         4

Your spell library contained the following spells:

 Spells                   Type           Power      Damage    Failure   Level
 Wereblood                Tmut           16%        N/A       13%         2
 Magic Dart               Conj           8%         1d3       38%         1
 Sandblast                Erth           4%         2d4       38%         1
 Searing Ray              Conj           4%         2d4       50%         2
 Stone Arrow              Conj/Erth      4%         3d7       71%         3
 Fulminant Prism          Conj/Hex       1%         3d6       96%         4
 Statue Form              Tmut/Erth      6%         N/A       100%        6
 Storm Form               Tmut/Air       4%         N/A       100%        7
 Maxwell's Capacitive Co  Air            1%         ∞         100%        8
 Animate Armour           Summ/Erth      Unusable   N/A       N/A         4
 Summon Lightning Spire   Summ/Air       Unusable   N/A       N/A         4

Dungeon Overview and Level Annotations

Branches:
Dungeon (6/15)             Temple (0/1) D:4

Altars:
Kikubaaqudgha
Makhleb
Nemelex Xobeh
Qazlal
Ru
Trog
Vehumet

Annotations:
D:5 exclusion: statue


Innate Abilities, Weirdness & Mutations

You are a venomous arachnid creature.
You have poisonous fangs.
You are tiny and dextrous.
Your spellcasting is less reliable in this form.
Your armour is entirely melded.
You are incapable of wielding weapons or throwing items.
((You can breathe waves of freezing cold which knock back foes.))
((Your icy white scales are hard. (AC +6)))
You cannot fit into any form of body armour.
((Your flesh is cold resistant. (rC+)))
((You are cold-blooded and may be slowed by cold attacks.))
You are hated by all.


Message History

The ice beast barely misses you.
You hit the ice beast but do no damage.
The ice beast is heavily wounded.
The ice beast hits you. The ice beast freezes you!
You are too injured to fight recklessly!
There are monsters nearby!
You are too injured to fight recklessly!
You are too injured to fight recklessly!
There are monsters nearby!
You are too injured to fight recklessly!
You are too injured to fight recklessly!
There are monsters nearby!
You are too injured to fight recklessly!
You are too injured to fight recklessly!
You hit the ice beast.
The ice beast is heavily wounded.
The ice beast closely misses you.
You barely miss the ice beast.
The ice beast is heavily wounded.
The ice beast hits you. The ice beast freezes you.
You focus your inner power and illuminate the ice beast in retribution!
You hit the ice beast.
The ice beast is heavily wounded.
The ice beast hits you. The ice beast freezes you!
You hit the ice beast.
The ice beast is severely wounded.
The ice beast hits you. The ice beast freezes you!
* * * LOW HITPOINT WARNING * * *
You hit the ice beast but do no damage.
The ice beast looks even sicker.
The ice beast is severely wounded.
You hit the ice beast but do no damage.
The ice beast looks as sick as possible!
The ice beast is severely wounded.
The ice beast stops glowing.
The ice beast is stunned by your conviction and fails to attack.
Okay, then.
The ice beast attacks as you move away! The ice beast hits you.
* * * LOW HITPOINT WARNING * * *
The ice beast freezes you!
You die...

### ..# ####.# ..##.#
#.##.# #)# #.##.# #.#
#.##h# #.# #####.##Y# #^#
#......s.# #.#
###.#.##########
#.#####.#.# #.....#
#.#...#.#.# #.##.##
#.#.#.#.#.####.##.#
#.#<#.#.#......##.#
######.###.#.#########.##
....[.......>...........#
###.##.###.#.############


You could see an ice beast (extremely poisoned) and a hound.

Vanquished Creatures
  Sigmund (D:3)
  A sky beast (D:5)
  A centaur (D:5)
  2 phantoms (D:4)
  A scorpion (D:5)
  A jelly (D:6)
  An orc priest (D:6)
  Ijyb (D:3)
  3 iguanas
  An orc wizard (D:6)
  Robin (D:2)
  A gnoll (D:1)
  3 adders
  A shadow imp (D:6)
  A white imp (D:5)
  An ufetubus (D:4)
  A worm (D:3)
  4 dart slugs
  10 orcs
  4 ball pythons
  4 bats
  2 endoplasms (D:1)
  16 goblins
  8 hobgoblins
  A quokka (D:4)
  3 frilled lizards
  7 kobolds
  5 rats
86 creatures vanquished.

Notes
Turn   | Place    | Note
-------+----------+-------------------------------------------
     0 | D:1      | kae the Draconian Transmuter began the quest for the Orb.
     0 | D:1      | Reached XP level 1. HP: 16/16 MP: 3/3
   247 | D:1      | Reached XP level 2. HP: 23/23 MP: 3/5
   304 | D:1      | HP: 1/23 [goblin/+0 dagger (1)]
   313 | D:1      | HP: 1/23 [goblin/+0 dagger (1)]
   330 | D:2      | HP: 1/23 [goblin/+0 club (1)]
  1402 | D:2      | Reached XP level 3. HP: 26/29 MP: 4/6
  1406 | D:2      | Learned a level 3 spell: Spider Form
  1447 | D:2      | Noticed a shining eye
  1471 | D:2      | Found a faded altar of an unknown god.
  1471 | D:2      | Noticed a floating eye
  1476 | D:2      | Noticed a great orb of eyes
  1476 | D:2      | Noticed a golden eye
  1699 | D:3      | Found a burning altar of Makhleb.
  1702 | D:3      | Noticed Robin
  1881 | D:2      | Killed Robin
  1882 | D:2      | Reached XP level 4. HP: 36/36 MP: 3/7
  1997 | D:3      | Got the Incunabulum of the Mountains
  2217 | D:3      | Reached skill level 1 in Poison Magic
  2299 | D:3      | Noticed Ijyb
  2312 | D:3      | Killed Ijyb
  2364 | D:3      | Found a bloodstained altar of Trog.
  2415 | D:3      | Found a sacrificial altar of Ru.
  2418 | D:3      | Became a worshipper of Ru the Awakened
  2439 | D:3      | Noticed Sigmund
  2448 | D:3      | Killed Sigmund
  2449 | D:3      | Reached skill level 4 in Unarmed Combat
  2449 | D:3      | Reached XP level 5. HP: 42/42 MP: 4/9
  2449 | D:3      | Reached XP level 6. HP: 49/49 MP: 4/10
  2622 | D:3      | Learned a level 4 spell: Ice Form
  3021 | D:4      | Reached skill level 1 in Ice Magic
  3448 | D:4      | Found a sparkling altar of Nemelex Xobeh.
  3552 | D:4      | Found a staircase to the Ecumenical Temple.
  3778 | D:5      | Entered Level 5 of the Dungeon
  3801 | D:5      | Found a stormy altar of Qazlal.
  3801 | D:5      | Found an ancient bone altar of Kikubaaqudgha.
  3825 | D:5      | Found a radiant altar of Vehumet.
  3835 | D:5      | Your scales start taking on an icy white colour.
  3835 | D:5      | Reached XP level 7. HP: 35/56 MP: 8/11
  3835 | D:5      | Gained mutation: Your flesh is cold resistant. (rC+) [White
                  | Draconian growth]
  3964 | D:5      | Gained mutation: You are hated by all. [Ru sacrifice]
  3964 | D:5      | Reached * piety under Ru
  3964 | D:5      | Reached ** piety under Ru
  4405 | D:5      | Noticed a two-headed ogre
  4781 | D:6      | Reached skill level 5 in Unarmed Combat
  5030 | D:6      | Mangled by an ice beast

Illustrated notes

Levels and vault maps discovered:
D:1:      saegor_arrival_simple_d, layout_rooms, chequers_serial_rivers_large_a,
          minmay_misc_feat_secret_circle
D:2:      layout_rooms, hellmonk_ecumenical_altar_watching_god
D:3:      layout_basic, mainiacjoe_overflow_catwalk,
          mainiacjoe_overflow_boulevard, hangedman_ru_absence,
          chequers_decorated_corner, nrook_mini_backslash, uniq_sigmund,
          uniq_ijyb, uniq_robin
D:4:      layout_loops_cross, nemelex_diamond_rough_becter,
          minmay_temple_entry_offerings
D:5:      layout_loops_ring, mainiacjoe_overflow_divided_tiny, vehumet_statue,
          columned_hall_lemuel, hangedman_decor_points
D:6:      layout_basic, minivault_23

Skill      XL: |  1  2  3  4  5  6  7 |
---------------+----------------------+-----
Dodging        | 2 3 |  3.2
Poison Magic   | 2 |  2.0
Transmutations | 3 4 |  4.7
Fighting       | 2 3 |  3.2
Unarmed Combat | 4 5 |  5.0
Ice Magic      | 2 3 |  3.4
Spellcasting   | 3 |  3.3

Action                   |  1- 3 |  4- 6 |  7- 9 || total
-------------------------+-------+-------+-------++-------
Melee: Unarmed           |   112 |   125 |    92 ||   329
       Kick              |    16 |     3 |       ||    19
       Tailslap          |     7 |     8 |     3 ||    18
       Headbutt          |     5 |     4 |       ||     9
       Punch             |     2 |     1 |     1 ||     4
 Cast: Beastly Appendage |    19 |     8 |       ||    27
       Spider Form       |     4 |    11 |     8 ||    23
Invok: Sacrifice Love    |       |       |     1 ||     1
 Abil: Breathe Frost     |       |       |     1 ||     1
  Use: Scroll            |     6 |     5 |       ||    11
 Stab: Sleeping          |       |       |     1 ||     1
Armor: Skin              |    45 |    23 |     8 ||    76
Dodge: Dodged            |    99 |   126 |    72 ||   297

Table legend: (Time is in decaauts)
 A = Elapsed time spent in this place.
 B = Non-inter-level travel time spent in this place.
 C = Inter-level travel time spent in this place.
 D = Time resting spent in this place.
 E = Time spent auto-exploring this place.
 F = Levels seen in this place.
 G = Mean time per level.
                   A        B        C        D        E       F      G
               +--------+--------+--------+--------+--------+-----+--------+
         Total |   5021 |   4871 |    150 |    456 |   3516 |   6 |  836.8 |
       Dungeon |   5021 |   4871 |    150 |    456 |   3516 |   6 |  836.8 |
               +--------+--------+--------+--------+--------+-----+--------+

Top non-repeatable levels by time:
     D:3: 1032 daAuts
     D:1: 958 daAuts
     D:4: 943 daAuts
     D:5: 902 daAuts
     D:2: 873 daAuts
     D:6: 310 daAuts
